 Dungeon Crawl Stone Soup version 0.22-a0-551-g3b2bdd4ba6 (webtiles) character file.

50869 Foic the Peltast (level 14, -3/121 HPs)
             Began as a Minotaur Fighter on June 25, 2018.
             Was a High Priest of Qazlal.
             Slain by a salamander
             ... wielding a +0 halberd
              (4 damage)
             ... on level 2 of the Snake Pit.
             The game lasted 01:10:43 (18019 turns).

Foic the Peltast (Minotaur Fighter)                Turns: 18019, Time: 01:10:44

Health: -3/121     AC: 30    Str: 30    XL:     14   Next: 21%
Magic:  0/13       EV:  8    Int:  8    God:    Qazlal [*****.]
Gold:   1042       SH: 28    Dex: 10    Spells: 13/13 levels left

rFire    + + .     SeeInvis +   a - +7 hand axe of a bailey {chop, rF+ SInv}
rCold    . . .     Gourm    .   c - +0 shield
rNeg     . . .     Faith    .   L - +6 chain mail "Kapn" {rF+ Str+4 Stlth+}
rPois    +         Spirit   .   H - +1 hat {Int+3}
rElec    .         Reflect  +   t - +2 cloak
rCorr    .         Harm     .   D - +0 pair of gloves
MR       +....     Rnd*Rage +   W - +2 pair of boots {run}
Stlth    ..........             j - +5 amulet of reflection
HPRegen  0.30/turn              i - ring of wizardry
MPRegen  0.13/turn              m - ring of poison resistance

@: about to teleport, protected from physical damage, constricted, repel
missiles, quick
A: retaliatory headbutt, horns 2, berserk 1, MP-powered wands
a: Upheaval, Elemental Force, Disaster Area, Renounce Religion


You were on level 2 of the Snake Pit.
You worshipped Qazlal.
Qazlal was extremely pleased with you.
You were very hungry.

You visited 4 branches of the dungeon, and saw 17 of its levels.
You also visited: Sewer and Volcano.

You collected 1267 gold pieces.
You spent 225 gold pieces at shops.

Inventory:

Hand Weapons
 a - the +7 hand axe of a bailey (weapon) {chop, rF+ SInv}
   (You took it off an orc warrior on level 6 of the Dungeon)

   It inflicts extra damage upon your enemies.
   It protects you from fire.
   It lets you see invisible.
 b - a +0 club of chaos
 E - a +2 flail of draining
 K - a +0 whip of flaming
 Q - a +0 flail of flaming
 U - a +2 executioner's axe of flaming
Missiles
 g - 522 stones (quivered)
Armour
 c - a +0 shield (worn)
 t - a +2 cloak (worn)
 D - a +0 pair of gloves (worn)
 H - a +1 hat of intelligence (worn)
 L - the +6 chain mail "Kapn" (worn) {rF+ Str+4 Stlth+}
   (You found it on level 1 of the Lair of Beasts)

   It affects your strength (+4).
   It protects you from fire.
   It makes you more stealthy.
 W - a +2 pair of boots of running (worn)
Jewellery
 i - a ring of wizardry (left hand)
 j - a +5 amulet of reflection (around neck)
 m - a ring of poison resistance (right hand)
 y - an uncursed ring of magical power
 O - an uncursed amulet of magic regeneration
 V - an uncursed ring of protection from cold
Wands
 r - a wand of digging (26)
 w - a wand of polymorph (9)
 G - a wand of iceblast (6)
 M - a wand of paralysis (23)
 N - a wand of random effects (33)
 S - a wand of flame (21)
 T - a wand of enslavement (14)
 X - a wand of acid (5)
Scrolls
 e - 5 scrolls of remove curse
 k - 8 scrolls of identify
 l - 4 scrolls of teleportation
 o - 2 scrolls of enchant weapon {unknown}
 p - 4 scrolls of blinking {unknown}
 s - a scroll of random uselessness {unknown}
 u - 5 scrolls of fear {unknown}
 v - 6 scrolls of magic mapping
 x - a scroll of amnesia
 B - a scroll of vulnerability {unknown}
 F - a scroll of summoning {unknown}
 J - 3 scrolls of noise {unknown}
 Y - a scroll of silence {unknown}
Potions
 d - 6 potions of might
 h - a potion of flight
 n - 4 potions of curing
 q - 2 potions of brilliance
 z - a potion of cancellation
 A - 5 potions of mutation
 C - a potion of heal wounds
 I - 3 potions of berserk rage
 R - a potion of agility
Miscellaneous
 P - a phial of floods
Comestibles
 f - 32 rations


   Skills:
 + Level 10.0 Fighting
 + Level 14.4 Axes
 + Level 1.9(9.8) Maces & Flails
 + Level 1.0 Throwing
 + Level 11.1 Armour
 + Level 5.1 Dodging
 * Level 19.6 Shields
 + Level 1.2 Evocations


You had 13 spell levels left.
You didn't know any spells.
Your spell library contained the following spells:

 Spells                   Type           Power        Failure   Level  Hunger
 Magic Dart               Conj           #...         52%         1    ##.....
 Conjure Flame            Conj/Fire      #.......     86%         3    ####...
 Slow                     Hex            #.......     65%         2    ###....
 Mephitic Cloud           Conj/Pois/Air  #.......     86%         3    ####...
 Blink                    Tloc           N/A          65%         2    ###....
 Call Imp                 Summ           #.......     65%         2    ###....
 Regeneration             Chrm/Necr      #.........   86%         3    ####...
 Summon Demon             Summ           #.........   100%        5    ######.
 Stone Arrow              Conj/Erth      #.....       86%         3    ####...
 Shock                    Conj/Air       #...         52%         1    ##.....
 Recall                   Summ/Tloc      N/A          86%         3    ####...
 Shadow Creatures         Summ           N/A          100%        6    #######
 Passwall                 Tmut/Erth      #.......     65%         2    ###....
 Lee's Rapid Deconstruct  Erth           #.........   100%        5    ######.
 Sandblast                Erth           #.....       52%         1    ##.....
 Petrify                  Tmut/Erth      #.......     99%         4    #####..
 Shroud of Golubria       Chrm/Tloc      #.........   65%         2    ###....
 Aura of Abjuration       Summ           #.........   100%        5    ######.
 Infusion                 Chrm           #...         52%         1    ##.....
 Song of Slaying          Chrm           #.......     65%         2    ###....
 Spectral Weapon          Hex/Chrm       #.......     86%         3    ####...
 Summon Forest            Summ/Tloc      #.........   100%        5    ######.
 Summon Mana Viper        Hex/Summ       #.......     100%        5    ######.


Dungeon Overview and Level Annotations

Branches:
Dungeon (8/15)             Temple (1/1) D:4            Lair (6/6) D:8
  Swamp (0/4) Lair:3        Snake (1/4) Lair:4        Slime (0/5) Lair:6

Altars:
Ashenzari
Cheibriados
Dithmenos
Elyvilon
Fedhas
Gozag
Hepliaklqana
Kikubaaqudgha
Makhleb
Nemelex Xobeh
Okawaru
Qazlal
Ru
Sif Muna
Trog
Uskayaw
Vehumet
Wu Jian
Xom
Yredelemnul
Zin
The Shining One
Beogh

Shops:
Snake:1 [:[

Annotations:
Lair:2 exclusion: 3 oklob plants
Lair:3 exclusion: 2 oklob plants
Lair:5 3 runed doors, Oqiang's ghost, journeyman MiBe
Lair:6 3 runed doors, exclusion: 2 oklob plants, kaisn's ghost, journeyman FoFi


Innate Abilities, Weirdness & Mutations

You reflexively headbutt those who attack you in melee.
You have a pair of horns on your head.
You tend to lose your temper in combat.
You expend magic power (3 MP) to strengthen your wands.


Message History

You block the salamander's attack.
The anaconda is engulfed in freezing vapours.
You block the anaconda's attack. The anaconda constricts you.
You block the guardian serpent's attack.
You block the salamander's attack. The mana viper bites you!
* * * LOW HITPOINT WARNING * * *
You feel your power leaking away.
As you read the scroll labeled LET XAUGEFIE, it crumbles to dust.
You feel strangely unstable.
It was a scroll of teleportation.
You hear an angry hiss.
The anaconda is engulfed in freezing vapours.
You block the anaconda's attack. The anaconda constricts you.
You block the anaconda's attack.
You block the guardian serpent's attack.
The naga hits you but does no damage. The mana viper bites you.
* * * LOW HITPOINT WARNING * * *
The salamander hits you from afar with a halberd!
* * * LOW HITPOINT WARNING * * *
You are engulfed in flames.
You resist.
You die...

.......... #.....:.#
.. #.......# ...
#......#
....####......#
.........§N...###
......§.NN§.....###
......§SSSSN......#
.......#@##..........
#....###SN#..........
#...# N8S+..........
##.# .N..#...N......
## ...###.........N
..## ........... ..N
......N....N ...


You could see a naga warrior, 3 salamanders, 2 anacondas, a shock serpent, a
mana viper, 2 guardian serpents, a naga mage and 3 nagas.

Vanquished Creatures
  A red draconian (Volcano)
  Harold (Lair:1)
  2 naga warriors
  A hydra (Lair:3)
  2 anacondas
  2 two-headed ogres
  A naga sharpshooter (Snake:1)
  3 shock serpents
  A salamander mystic (Volcano)
  The ghost of bogue1979 the Fighter, a novice GrFi of Makhleb (D:7)
  A naga ritualist (Snake:1)
  Pikel (D:7)
  A mana viper (Snake:1)
  A wolf spider (Lair:6)
  6 salamanders (Volcano)
  6 elephants (Lair:5)
  A guardian serpent (Lair:6)
  21 black mambas
  2 naga magi
  A torpor snail (Lair:6)
  Joseph (D:7)
  13 spiny frogs
  9 komodo dragons
  3 rime drakes
  2 hornets (Lair:6)
  2 polar bears
  7 blink frogs
  7 hippogriffs
  9 dream sheep
  Sigmund (D:3)
  2 redbacks (Lair:6)
  18 yaks
  7 wyverns (Lair:6)
  A basilisk (Lair:3)
  9 nagas
  20 water moccasins
  Duvessa (D:7)
  7 porcupines
  2 slaves (D:7)
  6 orc warriors
  2 ice beasts (D:8)
  2 phantoms
  A necrophage (D:7)
  2 centaurs (D:6)
  4 ogres
  16 wolves
  12 crocodiles
  Blork the orc (D:6)
  4 big kobolds (Sewer)
  12 bullfrogs
  3 scorpions (D:6)
  Dowan (D:7)
  5 wights (D:8)
  A howler monkey (D:4)
  A crimson imp (D:5)
  A bullfrog zombie (D:8)
  A quasit (D:7)
  A bullfrog skeleton (D:5)
  Crazy Yiuf (D:3)
  2 orc priests
  9 orc wizards
  3 hounds
  Natasha (D:3)
  An iguana (D:6)
  4 worker ants
  3 hound skeletons
  A howler monkey zombie (D:7)
  A worker ant zombie (D:6)
  18 adders
  3 gnolls (D:6)
  A river rat (Sewer)
  A shadow imp (D:7)
  3 oozes
  4 worms
  A dart slug (D:1)
  5 leopard geckos
  27 orcs
  5 ball pythons
  4 bats
  6 giant cockroaches
  9 goblins
  7 hobgoblins
  3 jackals (D:2)
  4 quokkas
  A ball python skeleton (D:4)
  3 frilled lizards (D:2)
  A jackal zombie (D:6)
  15 kobolds
  A leopard gecko skeleton (D:6)
  14 rats
  5 fungi
  4 plants
424 creatures vanquished.

Vanquished Creatures (others)
  A naga sharpshooter (Snake:1)
  A black mamba (Snake:2)
  A komodo dragon (Lair:6)
  A centaur (D:8)
  A kobold (Sewer)
  12 fungi
  7 plants
  5 withered plants (Lair:5)
29 creatures vanquished.

Grand Total: 453 creatures vanquished

Notes
Turn   | Place    | Note
-------+----------+-------------------------------------------
     0 | D:1      | Foic the Minotaur Fighter began the quest for the Orb.
     0 | D:1      | Reached XP level 1. HP: 19/19 MP: 0/0
   233 | D:1      | Reached skill level 4 in Shields
   233 | D:1      | Reached XP level 2. HP: 27/27 MP: 1/1
   374 | D:1      | Gained mutation: You tend to lose your temper in combat. [potion of mutation]
   374 | D:1      | Gained mutation: You expend magic power (3 MP) to strengthen your wands. [potion of mutation]
   700 | D:2      | Reached XP level 3. HP: 29/33 MP: 2/2
   967 | D:2      | Reached XP level 4. HP: 40/40 MP: 3/3
  1073 | D:2      | Reached skill level 5 in Shields
  1785 | D:3      | Found a glowing drain.
  1815 | Sewer    | Entered a sewer
  1961 | Sewer    | Noticed a big kobold
  1969 | Sewer    | Killed a big kobold
  1969 | Sewer    | Reached XP level 5. HP: 47/47 MP: 4/4
  1969 | Sewer    | Reached skill level 6 in Shields
  2437 | Sewer    | Reached XP level 6. HP: 53/53 MP: 5/5
  2497 | Sewer    | Reached skill level 7 in Shields
  2530 | Sewer    | Reached skill level 1 in Dodging
  2728 | D:3      | Noticed Natasha
  2734 | D:3      | Killed Natasha
  2734 | D:3      | Reached XP level 7. HP: 60/60 MP: 6/6
  2806 | D:3      | Noticed Sigmund
  2821 | D:3      | Killed Sigmund
  2821 | D:3      | Reached skill level 5 in Axes
  2821 | D:3      | Reached skill level 8 in Shields
  2931 | D:3      | Found a runed door.
  2935 | D:3      | Noticed Crazy Yiuf
  2939 | D:3      | Killed Crazy Yiuf
  2939 | D:3      | Reached skill level 5 in Fighting
  3258 | D:4      | Found a staircase to the Ecumenical Temple.
  3451 | D:4      | Found a blossoming altar of Fedhas.
  3451 | D:4      | Found a hide-covered altar of Uskayaw.
  3532 | Temple   | Entered the Ecumenical Temple
  3743 | Temple   | Became a worshipper of Qazlal Stormbringer
  4178 | D:4      | Found a hazy altar of Hepliaklqana.
  4327 | D:5      | Entered Level 5 of the Dungeon
  4377 | D:5      | Reached skill level 5 in Armour
  4551 | D:5      | Reached skill level 9 in Shields
  4551 | D:5      | Reached XP level 8. HP: 56/68 MP: 7/7
  4702 | D:5      | Found a sacrificial altar of Ru.
  5201 | D:6      | Noticed a hippogriff
  5211 | D:6      | Killed a hippogriff
  5254 | D:6      | Noticed a two-headed ogre
  5267 | D:6      | Killed a two-headed ogre
  5267 | D:6      | Reached skill level 10 in Shields
  5267 | D:6      | Reached XP level 9. HP: 40/75 MP: 8/8
  5958 | D:6      | Found a white marble altar of Elyvilon.
  5984 | D:6      | Reached skill level 11 in Shields
  5999 | D:6      | Reached * piety under Qazlal
  6262 | D:6      | Noticed Blork the orc
  6271 | D:6      | Killed Blork the orc
  6272 | D:6      | Found a shimmering altar of Xom.
  6483 | D:7      | Found an ancient bone altar of Kikubaaqudgha.
  6494 | D:7      | Found a radiant altar of Vehumet.
  6512 | D:7      | Identified Vehumet's Volume of Attacks
  6527 | D:7      | Found a deep blue altar of Sif Muna.
  6613 | D:7      | Noticed Pikel
  6627 | D:7      | Killed Pikel
  6627 | D:7      | Reached XP level 10. HP: 84/84 MP: 9/9
  6875 | D:7      | Noticed Dowan
  6876 | D:7      | Noticed Duvessa
  6883 | D:7      | Killed Dowan
  6898 | D:7      | Killed Duvessa
  6898 | D:7      | Reached skill level 12 in Shields
  6974 | D:7      | Noticed Joseph
  7116 | D:7      | Killed Joseph
  7116 | D:7      | Reached skill level 10 in Axes
  7343 | D:7      | Found a runed gate.
  7343 | D:7      | Found a runed gate.
  7343 | D:7      | Found a runed gate.
  7343 | D:7      | Noticed bogue1979's ghost (novice GrFi)
  7344 | D:7      | Found a roughly hewn altar of Beogh.
  7838 | D:6      | Got a transparent hand axe {chop}
  7839 | D:6      | Identified the +7 hand axe of a bailey {chop, rF+ SInv} (You took it off an orc warrior on level 6 of the Dungeon)
  7998 | D:7      | Killed bogue1979's ghost
  8010 | D:6      | Reached ** piety under Qazlal
  8320 | D:8      | Reached skill level 13 in Shields
  8477 | D:8      | Found a staircase to the Lair.
  8622 | D:8      | Noticed a two-headed ogre
  8634 | D:8      | Killed a two-headed ogre
  8634 | D:8      | Reached XP level 11. HP: 48/92 MP: 10/10
  9017 | D:8      | Found an ornate altar of the Wu Jian Council.
  9218 | Lair:1   | Entered Level 1 of the Lair of Beasts
  9243 | Lair:1   | Got a shimmering chain mail
  9244 | Lair:1   | Identified the +6 chain mail "Kapn" {rF+ Str+4 Stlth+} (You found it on level 1 of the Lair of Beasts)
  9258 | Lair:1   | Noticed Harold
  9389 | Lair:1   | Killed Harold
  9389 | Lair:1   | Reached skill level 14 in Shields
  9683 | Lair:1   | Reached *** piety under Qazlal
 10554 | Lair:2   | Found a blossoming altar of Fedhas.
 10613 | Lair:2   | Noticed an oklob plant
 10616 | Lair:2   | Noticed an oklob plant
 10616 | Lair:2   | Noticed an oklob plant
 11477 | Lair:3   | Reached skill level 15 in Shields
 11515 | Lair:3   | Noticed a four-headed hydra
 11638 | Lair:3   | Found a staircase to the Swamp.
 11699 | Lair:3   | Noticed an oklob plant
 11700 | Lair:3   | Noticed an oklob plant
 11737 | Lair:3   | HP: 3/94 [acid (15)]
 12155 | Lair:3   | Reached skill level 1 in Maces & Flails
 12296 | Lair:3   | Killed a four-headed hydra
 12296 | Lair:3   | Reached XP level 12. HP: 78/101 MP: 11/11
 12645 | Lair:4   | Reached skill level 10 in Armour
 12672 | Lair:4   | Reached **** piety under Qazlal
 13233 | Lair:4   | Found a staircase to the Snake Pit.
 13259 | Lair:4   | Reached skill level 16 in Shields
 13658 | Lair:5   | Found a dark tunnel.
 13667 | Volcano  | Entered a volcano
 13719 | Volcano  | Noticed a red draconian
 13734 | Volcano  | Killed a red draconian
 14156 | Volcano  | Found a burning altar of Makhleb.
 14562 | Lair:5   | Found a runed gate.
 14562 | Lair:5   | Found a runed gate.
 14562 | Lair:5   | Found a runed gate.
 14565 | Lair:5   | Noticed Oqiang's ghost (journeyman MiBe)
 14566 | Lair:5   | Noticed Oqiang's ghost (journeyman MiBe)
 14874 | Lair:6   | Entered Level 6 of the Lair of Beasts
 14874 | Lair:6   | Noticed kaisn's ghost (journeyman FoFi)
 14875 | Lair:6   | Noticed an anaconda
 14879 | Lair:5   | Reached skill level 17 in Shields
 14879 | Lair:5   | Reached XP level 13. HP: 111/111 MP: 12/12
 14886 | Lair:6   | Found a runed gate.
 14886 | Lair:6   | Found a runed gate.
 14886 | Lair:6   | Found a runed gate.
 14983 | Lair:6   | Reached skill level 1 in Evocations
 15067 | Lair:6   | Reached ***** piety under Qazlal
 15270 | Lair:6   | Reached skill level 18 in Shields
 15953 | Lair:6   | Found a staircase to the Slime Pits.
 16504 | Snake:1  | Entered Level 1 of the Snake Pit
 17113 | Lair:4   | Reached skill level 19 in Shields
 17181 | Snake:1  | Reached skill level 5 in Dodging
 17253 | Lair:4   | Reached XP level 14. HP: 119/119 MP: 13/13
 17395 | Snake:1  | Reached skill level 1 in Throwing
 17652 | Snake:1  | Found Muocuopnu's Antique Armour Shoppe.
 17654 | Snake:1  | Found Quxyd's Book Emporium.
 17707 | Snake:1  | Found Duyree's Armour Shoppe.
 17720 | Snake:1  | Bought a pair of glowing boots for 225 gold pieces
 17730 | Snake:1  | Identified a +2 pair of boots of running (You bought it in a shop on level 1 of the Snake Pit)
 17780 | Snake:1  | Reached skill level 10 in Fighting
 18003 | Snake:1  | You fall through a shaft!
 18019 | Snake:2  | HP: 1/121 [salamander/halberd (9)]
 18019 | Snake:2  | Slain by a salamander

Vault maps used:
D:1:      wheals_arrival_shading, hex_intersection
D:2:      first_ration, st_stairs_9, minmay_vboxes
D:3:      gup_sewer_entry_glass, uniq_natasha, uniq_crazy_yiuf_cottage,
          uniq_sigmund
D:4:      lemuel_round_altar, gammafunk_temple_overflow_elements,
          minmay_temple_entry_statues
D:5:      nicolae_ru_awakened_eye, hangedman_abyss_or_decor_slice
D:6:      kennysheep_mini_moat, tgw_xom, uniq_blork_the_orc
D:7:      palyth_temple_overflow_mages, biasface_ghost_orc_armoury, uniq_pikel,
          uniq_joseph, uniq_duvessa
D:8:      marbit_many_paths, grunt_lair_entry_orc_guard_hut
Temple:   cyrus_circular_temple
Lair:1:   grunt_megastairs_5, serial_bayou_shore_a, uniq_harold
Lair:2:   basic_altar, serial_bayou_pond_c, disabler_island
Lair:3:   swamp_mist, lemuel_fruit_fields, minmay_lair_oklob_chamber
Lair:4:   minmay_snake_entry_guardpost_small, st_stairs_8
Lair:5:   nicolae_volcano_entry_lava_flow, gammafunk_ghost_cemetery
Lair:6:   hangedman_lair_tendril_chambers, minmay_slime_entry_oklob_enclosed,
          gammafunk_ghost_split, wad_woods_road_04
Snake:1:  minmay_shop_star
Snake:2:  grunt_megastairs_4
Sewer:    sewer_co_tree
Volcano:  kennysheep_volcano_temple

Skill      XL: |  1  2  3  4  5  6  7  8  9 10 11 12 13 14 |
---------------+-------------------------------------------+-----
Shields        | 4 5 6 7 9 10 11 13 15 17 19 | 19.6
Fighting       | 4 5 6 7 9 10 | 10.0
Armour         | 4 5 6 7 8 9 10 11 | 11.1
Axes           | 3 4 5 7 9 10 12 13 14 | 14.4
Dodging        | 1 2 3 4 5 |  5.1
Maces & Flails | 1 |  1.9
Evocations     | 1 |  1.2
Throwing       | 1 |  1.0

Action                   |  1- 3 |  4- 6 |  7- 9 | 10-12 | 13-15 || total
-------------------------+-------+-------+-------+-------+-------++-------
Melee: War axe           |   103 |   194 |   272 |    68 |       ||   637
       Headbutt          |    16 |    28 |    49 |   140 |    82 ||   315
       Hand axe          |       |       |       |   508 |   405 ||   913
       Club              |       |       |       |    12 |       ||    12
Throw: Stone             |       |       |       |       |    27 ||    27
Evoke: Wand              |       |       |       |     6 |       ||     6
       Phial of floods   |       |       |       |     1 |       ||     1
  Use: Scroll            |     5 |       |     1 |     2 |     3 ||    11
       Potion            |     5 |     2 |     4 |     1 |     3 ||    15
  Eat: Chunk             |       |     7 |     9 |    17 |     5 ||    38
       Ration            |       |       |     1 |     3 |     1 ||     5
Armor: Scale mail        |    34 |    50 |    61 |    14 |       ||   159
       Plate armour      |       |       |       |    15 |       ||    15
       Chain mail        |       |       |       |    77 |    74 ||   151
Dodge: Dodged            |    25 |    53 |    72 |    95 |    56 ||   301
       Deflected         |       |       |       |     3 |     2 ||     5
Block: Shield            |    98 |   162 |   214 |   525 |   406 ||  1405
       Reflection        |    16 |     9 |     9 |    12 |    19 ||    65

Table legend:
 A = Spawn XP
 B = Non-spawn XP
 C = Spawn XP percentage of total XP
 D = Spawn monster count
 E = Non-spawn monster count
 F = Spawn count percentage of total count
 G = Total turns spent on level
                    A         B        C        D         E        F      G
               +---------+---------+-------+---------+---------+-------+---------
         Total |       0 |   72671 |   0.0 |       0 |     416 |   0.0 | 18019
               +---------+---------+-------+---------+---------+-------+---------
           D:1 |       0 |      20 |   0.0 |       0 |      10 |   0.0 |   558
           D:2 |       0 |     136 |   0.0 |       0 |      45 |   0.0 |  1179
           D:3 |       0 |     398 |   0.0 |       0 |      21 |   0.0 |   710
           D:4 |       0 |     237 |   0.0 |       0 |      13 |   0.0 |   941
           D:5 |       0 |     556 |   0.0 |       0 |      10 |   0.0 |  1167
           D:6 |       0 |    3507 |   0.0 |       0 |      42 |   0.0 |  1239
           D:7 |       0 |    2869 |   0.0 |       0 |      26 |   0.0 |  1487
           D:8 |       0 |    4384 |   0.0 |       0 |      35 |   0.0 |  1038
        Lair:1 |       0 |    3227 |   0.0 |       0 |      10 |   0.0 |  1188
        Lair:2 |       0 |    2197 |   0.0 |       0 |      10 |   0.0 |   978
        Lair:3 |       0 |    4454 |   0.0 |       0 |      18 |   0.0 |  1315
        Lair:4 |       0 |    9640 |   0.0 |       0 |      34 |   0.0 |  1508
        Lair:5 |       0 |    5115 |   0.0 |       0 |      15 |   0.0 |   698
        Lair:6 |       0 |   19154 |   0.0 |       0 |      71 |   0.0 |  1556
       Snake:1 |       0 |   10522 |   0.0 |       0 |      19 |   0.0 |   851
       Snake:2 |       0 |     796 |   0.0 |       0 |       2 |   0.0 |    16
         Sewer |       0 |     521 |   0.0 |       0 |      27 |   0.0 |   762
       Volcano |       0 |    4938 |   0.0 |       0 |       8 |   0.0 |   609
               +---------+---------+-------+---------+---------+-------+---------
